 Dungeon Crawl Stone Soup version 0.29.1-1-gd02db6906a (webtiles) character file.

Game seed: 13270283792970539464

79 Sabo the Gusty (level 4, -7/27 HPs)
             Began as an Octopode Air Elementalist on Oct 1, 2022.
             Engulfed by an orc wizard's steam (11 damage)
             ... on level 3 of the Dungeon.
             The game lasted 00:17:09 (3303 turns).

Sabo the Gusty (Octopode Air Elementalist)          Turns: 3303, Time: 00:17:10

Health: -7/27      AC:  5    Str:  7    XL:     4   Next: 38%
Magic:  14/16      EV: 13    Int: 19    God:
Gold:   119        SH:  0    Dex: 12    Spells: 6/7 levels left

rFire   . . .      SeeInvis .   m - +0 war axe
rCold   . . .      Faith    .   (no shield)
rNeg    + . .      Spirit   .   (helmet restricted)
rPois   .          Reflect  .   (no amulet)
rElec   .          Harm     .   e - ring of positive energy
rCorr   .          Rampage  .   c - ring of magical power
Will    .....                   j - +4 ring of protection
Stlth   ++++......              (no ring)
HPRegen 0.09/turn               (no ring)
MPRegen 0.15/turn               (no ring)
                                (no ring)
                                (no ring)

@: no status effects
A: almost no armour, amphibious, 8 rings, camouflage 1, gelatinous body 1,
nimble swimmer 1, tentacles
a: no special abilities


You were on level 3 of the Dungeon.
You visited 1 branch of the dungeon, and saw 3 of its levels.

You collected 119 gold pieces.

Inventory:

Hand Weapons
 i - a +0 long sword
 k - a +0 sling
 m - a +0 war axe (weapon)
Missiles
 b - 4 poisoned darts (quivered)
Jewellery
 c - a ring of magical power (right tentacle)
 e - a ring of positive energy (left tentacle)
 j - a +4 ring of protection (on tentacle)
Scrolls
 f - a scroll of immolation {unknown}
Potions
 a - a potion of magic
 d - 2 potions of heal wounds {unknown}
 g - a potion of curing {unknown}
 h - 2 potions of haste {unknown}
 l - 2 potions of cancellation {unknown}


   Skills:
 + Level 0.2 Maces & Flails
 + Level 2.9 Dodging
 + Level 3.3 Stealth
 + Level 0.2 Unarmed Combat
 + Level 2.3 Spellcasting
 + Level 1.5 Conjurations
 + Level 3.7 Air Magic


You had 6 spell levels left.
You knew the following spells:

 Your Spells              Type           Power      Damage    Failure   Level
a - Shock                 Conj/Air       48%        1d6       5%          1

Your spell library contained the following spells:

 Spells                   Type           Power      Damage    Failure   Level
 Static Discharge         Conj/Air       12%        3-5/arc   9%          2
 Swiftness                Air            16%        N/A       11%         3
 Slow                     Hex            8%         N/A       17%         1
 Ensorcelled Hibernation  Hex/Ice        4%         N/A       26%         2
 Passwall                 Tmut/Erth      1%         N/A       26%         2
 Conjure Flame            Conj/Fire      5%         6-21      34%         3
 Airstrike                Air            8%         2d(2-18)  34%         4
 Confusing Touch          Hex            2%         N/A       45%         3
 Ignite Poison            Fire/Tmut/Pois 2%         N/A       45%         3
 Vampiric Draining        Necr           2%         2d6       45%         3
 Sticky Flame             Conj/Fire      5%         2d3       75%         4


Dungeon Overview and Level Annotations

Branches:
Dungeon (3/15)

Altars:

Shops:
D:3 ?

Annotations:
D:2 1 runed translucent door, Crazy Yiuf


Innate Abilities, Weirdness & Mutations

You cannot wear most types of armour.
You are amphibious.
You can wear up to eight rings at the same time.
Your skin changes colour to match your surroundings (Stealth+).
Your rubbery body absorbs attacks. (AC +1, EV +1)
You are camouflaged when in or above water. (Stealth+)
You have tentacles for arms and can constrict up to eight enemies at once.


Message History

Casting: Shock (safe; 5% risk of failure)
Confirm with . or Enter, or press ? or * to list all spells.
Aiming: Shock (safe; 5% risk of failure)
Press: ? - help, Shift-Dir - straight line, f/p - orc
Aim: an orc, wielding a +0 whip (severely wounded, 68% to hit)
The zap hits something.
The zap hits the orc.
The orc is almost dead.
Something hits you.
An orc wizard comes into view. It is wielding a +0 dagger.
Something hits you but does no damage.
Casting: Shock (safe; 5% risk of failure)
Confirm with . or Enter, or press ? or * to list all spells.
You don't know that spell.
Unknown command.
Something barely misses you. The orc hits you but does no damage.
You closely miss the orc. Your grab misses the orc.
The orc is almost dead.
You barely miss something. Something hits you.
You hear some strange, mumbled words.
A magic dart appears from out of thin air!
The magic dart hits you but does no damage.
You miss something. You closely miss something. Something hits you.
Something completely misses you.
You closely miss something. You barely miss something.
You hear some strange, mumbled words.
Something tries to affect you, but you resist.
Something hits you but does no damage. x2
The orc wizard casts a spell at you. You resist with some effort.
Something barely misses you.
You closely miss something. You barely miss something.
You hear some strange, mumbled words.
A puff of flame appears from out of thin air!
The puff of flame hits you.
You hear some strange, mumbled words.
A magic dart appears from out of thin air!
The magic dart hits you!
* * * LOW HITPOINT WARNING * * *
You barely miss something. x2; You closely miss the orc wizard.
You are engulfed in a cloud of scalding steam.
You die...

...# ######.#######
.. ...#
#...............
...###.####.####..#.#
.#......###.#####+#.#
.#.###..........#.≈.#
...###........###.≈≈#
............#.'..∩..+
.....(...######≈≈o###
##.###...# #{@.# #
#...# #.{#+# #...#
#..... .
#.......#.... #
#.#.######...# #.#.#
##.## #.#$# .# .#


You could see an orc wizard.

Vanquished Creatures
  3 adders (D:2)
  A dart slug (D:2)
  An orc (D:3)
  3 endoplasms
  2 giant cockroaches (D:1)
  7 goblins
  5 hobgoblins
  2 jackals (D:1)
  3 kobolds
  3 quokkas
  3 ball pythons
  7 bats
  5 rats
45 creatures vanquished.

Notes
Turn   | Place    | Note
-------+----------+-------------------------------------------
     0 | D:1      | Sabo the Octopode Air Elementalist began the quest for the
                  | Orb.
     0 | D:1      | Reached XP level 1. HP: 11/11 MP: 3/3
   322 | D:1      | Reached XP level 2. HP: 17/17 MP: 0/5
  1272 | D:1      | Reached XP level 3. HP: 21/21 MP: 3/6
  1999 | D:2      | Found a runed translucent door.
  2339 | D:2      | Reached XP level 4. HP: 27/27 MP: 7/7
  3027 | D:2      | Noticed Crazy Yiuf
  3287 | D:3      | Found Guorph's Magic Scroll Boutique.
  3303 | D:3      | Engulfed by an orc wizard's steam

Illustrated notes

Levels and vault maps discovered:
D:1:      tarquinn_simple_flora_water_c, layout_basic
D:2:      layout_basic, uniq_crazy_yiuf_cottage
D:3:      layout_loops_ring, amcnicky_altar_gilded, serial_shops,
          nicolae_shop_hallway_plus

Skill      XL: |  1  2 |
---------------+-------+-----
Stealth        | 3 |  3.3
Maces & Flails | |  0.2
Dodging        | |  2.9
Unarmed Combat | |  0.2
Spellcasting   | |  2.3
Conjurations   | |  1.5
Air Magic      | |  3.7

Action                   |  1- 3 |  4- 6 || total
-------------------------+-------+-------++-------
Melee: Unarmed           |    12 |       ||    12
       Tentacles         |     6 |       ||     6
       Constrict         |     9 |     1 ||    10
       Flail             |    17 |       ||    17
       Dagger            |     1 |       ||     1
       Long sword        |     5 |     3 ||     8
       War axe           |       |     7 ||     7
 Cast: Shock             |    59 |    21 ||    80
Armor: Skin              |     4 |     9 ||    13
Dodge: Dodged            |    31 |    13 ||    44
